 Dungeon Crawl Stone Soup version 0.30-a0-1018-g25214051b3 (webtiles) character file.

Game seed: 12145668014189686769

72 PimpSugar the Magician (level 4, 0/32 HPs)
             Began as a Djinni Hedge Wizard on Apr 7, 2023.
             Slain by an iguana (5 damage)
             ... on level 4 of the Dungeon.
             The game lasted 00:07:12 (2623 turns).

PimpSugar the Magician (Djinni Hedge Wizard)        Turns: 2623, Time: 00:07:13

Health: 0/32       AC:  2    Str:  9    XL:     4   Next: 48%
Gold:   98         EV: 12    Int: 18    God:
                   SH:  0    Dex: 12

rFire   + + .      SeeInvis .    i - +2 dagger (vamp)
rCold   x . .      Faith    .    (no shield)
rNeg    . . .      Spirit   .    b - +0 robe
rPois   ∞          Reflect  .    c - +0 hat
rElec   .          Rampage  .    (no cloak)
rCorr   .                        (no gloves)
Will    .....                    (boots unavailable)
Stlth   ++                       (no amulet)
HPRegen 0.25/turn                (no ring)
MPRegen 0.00/turn                (no ring)

@: flying, very slightly contaminated
A: sickness immunity, fire resistance 2, cold vulnerability 1, float, innate
caster, HP casting, extra vitality 1
a: no special abilities


You were on level 4 of the Dungeon.
You visited 1 branch of the dungeon, and saw 4 of its levels.

You collected 98 gold pieces.

Inventory:

Hand Weapons
 a - a +0 dagger
 g - a +0 sling
 i - a +2 vampiric dagger (weapon)
 s - a +2 spear of venom
Missiles
 d - 21 stones
 l - 6 datura-tipped darts
 p - 6 boomerangs
 t - 6 javelins
Armour
 b - a +0 robe (worn)
 c - a +0 hat (worn)
Scrolls
 e - a scroll of fear {unknown}
 f - 3 scrolls of magic mapping
 h - a scroll of fog {unknown}
 m - 2 scrolls of noise {unknown}
 n - a scroll of immolation {unknown}
 o - 2 scrolls of poison
 r - a scroll of enchant armour {unknown}
Potions
 j - a potion of resistance {unknown}
 k - a potion of might
 q - 2 potions of attraction
 u - a potion of lignification


   Skills:
 + Level 1.3 Fighting
 + Level 2.9 Dodging
 + Level 2.2 Stealth
 * Level 3.0 Spellcasting


You knew the following spells:

 Your Spells              Type           Power      Damage    Failure   Level
a - Magic Dart            Conj           52%        1d5       4%          1
b - Call Imp              Summ           26%        N/A       7%          2
c - Mephitic Cloud        Conj/Pois/Air  13%        N/A       14%         3
d - Slow                  Hex            52%        N/A       4%          1
e - Blink                 Tloc           26%        N/A       7%          2
f - Summon Small Mammal   Summ           52%        N/A       4%          1
Your spell library was empty.

Dungeon Overview and Level Annotations

Branches:
Dungeon (4/15)
 Temple: D:4-7

Altars:
Fedhas
Uskayaw

Shops:
D:1 =   D:2 [([[[   D:3 (


Innate Abilities, Weirdness & Mutations

You are immune to sickness and miasma.
You are immune to poison.
Your flesh is very heat resistant. (rF++)
You are vulnerable to cold. (rC-)
You float through the air rather than walking.
You learn spells naturally, not from books.
Your magical power is your life essence.
You have superior vitality. (+4 MHP)


Message History

The iguana bites you.
Your rat bites the iguana but does no damage.
Your cerulean imp hits the iguana but does no damage.
Your cerulean imp misses the iguana.
You closely miss the iguana.
Your rat bites the iguana but does no damage.
Your cerulean imp closely misses the iguana.
The iguana barely misses you.
You hit the iguana but do no damage.
Your cerulean imp hits the iguana but does no damage.
The iguana barely misses you.
Your rat barely misses the iguana.
You hit the iguana.
You feel better.
The iguana is moderately wounded.
The iguana barely misses you.
Your rat closely misses the iguana.
Your cerulean imp hits the iguana but does no damage.
You hit the iguana.
You feel better.
The iguana is heavily wounded.
Your rat closely misses the iguana.
Your cerulean imp hits the iguana with a -2 spear.
The iguana barely misses you.
You barely miss the iguana.
The iguana is heavily wounded.
Your cerulean imp hits the iguana but does no damage.
The iguana bites you!
* * * LOW HITPOINT WARNING * * *
Your rat closely misses the iguana.
Your cerulean imp hits the iguana with a -2 spear.
Casting: Call Imp (safe; 7% risk of failure)
Confirm with . or Enter, or press ? or * to list all spells.
Aiming: Magic Dart (safe; 4% risk of failure)
Press: ? - help, Shift-Dir - straight line, f - iguana
Aim: an iguana (severely wounded, ally target, 100% to hit)
You miscast Magic Dart.
You are very lightly contaminated with residual magic.
Nothing appears to happen.
* * * LOW HITPOINT WARNING * * *
Your rat barely misses the iguana.
Your cerulean imp hits the iguana but does no damage.
The iguana bites you.
You die...

#......#.#
######.#.# #.#
#.# #.# # #.#
#.########.#
###.....5....#
...>..†.rl@.##
....?..####.#
###.##. #.# #
#? ..# #. ###
#. #. #.


You could see an iguana (ally target), a friendly cerulean imp (summoned) and a
friendly rat (summoned).

Vanquished Creatures
  An adder (D:3)
  A worm (D:2)
  3 dart slugs
  3 ball pythons
  2 endoplasms
  5 giant cockroaches
  A goblin (D:1)
  3 hobgoblins
  2 kobolds
  A quokka (D:2)
  4 bats
  6 frilled lizards
  3 rats (D:1)
35 creatures vanquished.

Vanquished Creatures (collateral kills)
  An adder (D:2)
  A dart slug (D:4)
  A goblin (D:2)
  2 hobgoblins (D:2)
  A frilled lizard (D:1)
6 creatures vanquished.

Vanquished Creatures (others)
  5 withered plants (D:3)
5 creatures vanquished.

Grand Total: 46 creatures vanquished

Notes
Turn   | Place    | Note
-------+----------+-------------------------------------------
     0 | D:1      | PimpSugar the Djinni Hedge Wizard began the quest for the
                  | Orb.
     0 | D:1      | PimpSugar set off with the following spells memorised:
                  | Magic Dart, Slow, Blink, Call Imp, Mephitic Cloud.
     0 | D:1      | Reached XP level 1. HP: 15/15 MP: 0/0
   178 | D:1      | Reached XP level 2. HP: 20/22 MP: 0/0
   288 | D:1      | Found Saurinas's Jewellery Shoppe.
   541 | D:1      | Reached XP level 3. HP: 26/26 MP: 0/0
   541 | D:1      | Learned a level 1 spell: Summon Small Mammal
   857 | D:2      | Found Ebyitz's Antique Armour Emporium.
   930 | D:2      | Found Ruihacwex's Armour Shoppe.
  1028 | D:2      | Got the Discursus on Topological Impurities
  1037 | D:2      | Reached skill level 1 in Fighting
  1274 | D:2      | Found Zowitol's Antique Armour Shoppe.
  1425 | D:2      | Reached XP level 4. HP: 32/32 MP: 0/0
  1437 | D:2      | Found Acanimpu's Antique Weapon Boutique.
  1509 | D:2      | Found Veodav's Antique Armour Emporium.
  1912 | D:3      | Reached skill level 3 in Spellcasting
  2020 | D:3      | Found Sorghirph's Weapon Emporium.
  2039 | D:3      | Found a faded altar of an unknown god.
  2286 | D:3      | Found a hide-covered altar of Uskayaw.
  2286 | D:3      | Found a blossoming altar of Fedhas.
  2623 | D:4      | Slain by an iguana

Illustrated notes

Levels and vault maps discovered:
D:1:      erik_arrival_orb_chamber, layout_loops_ring, serial_shops, shop
D:2:      layout_basic, serial_shops, nicolae_shop_hallway_stairs,
          nicolae_shop_stone, nicolae_shop_hallway_stairs,
          nicolae_shop_waterfront, nicolae_lakefront_shop,
          kennysheep_generic_room_2
D:3:      layout_loops_cross, minitemple, ebering_ecumenical_altar_petrified,
          serial_shops, nicolae_shop_waterfront
D:4:      layout_basic, minmay_divided_ellipse

Skill      XL: |  1  2  3  4 |
---------------+-------------+-----
Fighting       | 1 |  1.3
Stealth        | 2 |  2.2
Spellcasting   | 3 |  3.0
Dodging        | |  2.9

Action                     |  1- 3 |  4- 6 || total
---------------------------+-------+-------++-------
  Melee: Dagger            |   134 |    43 ||   177
         Punch             |       |     1 ||     1
   Cast: Magic Dart        |     5 |     7 ||    12
         Call Imp          |     4 |     1 ||     5
         Blink             |     1 |       ||     1
         Summon Small Mamm |     1 |     1 ||     2
         Mephitic Cloud    |     1 |       ||     1
    Use: Potion            |     2 |     2 ||     4
         Scroll            |       |     5 ||     5
   Stab: Sleeping          |     2 |     1 ||     3
         Distracted        |     1 |       ||     1
 Armour: Robe              |    31 |    18 ||    49
  Dodge: Dodged            |    75 |    43 ||   118

Table legend: (Time is in decaauts)
 A = Elapsed time spent in this place.
 B = Non-inter-level travel time spent in this place.
 C = Inter-level travel time spent in this place.
 D = Time resting spent in this place.
 E = Time spent auto-exploring this place.
 F = Levels seen in this place.
 G = Mean time per level.
                   A        B        C        D        E       F      G
               +--------+--------+--------+--------+--------+-----+--------+
         Total |   2621 |   2432 |    189 |    100 |   1605 |   4 |  655.2 |
       Dungeon |   2621 |   2432 |    189 |    100 |   1605 |   4 |  655.2 |
               +--------+--------+--------+--------+--------+-----+--------+

Top non-repeatable levels by time:
     D:2: 881 daAuts
     D:1: 856 daAuts
     D:3: 836 daAuts
     D:4: 46 daAuts
